 Dungeon Crawl Stone Soup version 0.21-a0-95-g06f091e (webtiles) character file.

56 grindst0ne the Changer (level 3, -4/26 HPs)
             Began as a Merfolk Transmuter on July 4, 2017.
             Slain by grindst0ne's ghost (9 damage)
             ... on level 3 of the Dungeon.
             The game lasted 00:03:55 (2975 turns).

grindst0ne the Changer (Merfolk Transmuter)         Turns: 2975, Time: 00:03:56

Health: -4/26      AC:  2    Str: 11    XL:     3   Next: 97%
Magic:  6/6        EV: 13    Int: 12    God:
Gold:   127        SH:  0    Dex: 14    Spells: 0/6 levels left

rFire    + . .     SeeInvis .     - Unarmed
rCold    x . .     Gourm    .   (no shield)
rNeg     . . .     Faith    .   b - +0 robe
rPois    .         Spirit   .   (no helmet)
rElec    .         Reflect  .   (no cloak)
rCorr    .         Harm     .   (no gloves)
MR       .....                  (no boots)
Stlth    +.........             (no amulet)
HPRegen  0.08/turn              i - ring of fire
MPRegen  0.10/turn              (no ring)

@: no status effects
A: change form in water, swift swim, stealthy swim
a: no special abilities


You were on level 3 of the Dungeon.
You were not hungry.

You visited 1 branch of the dungeon, and saw 3 of its levels.

You collected 127 gold pieces.

Inventory:

Missiles
 a - 56 arrows
Armour
 b - a +0 robe (worn)
 o - a +0 leather armour
Jewellery
 i - a ring of fire (left hand)
 l - a cursed -3 ring of protection {unknown}
Scrolls
 e - a scroll of recharging {unknown}
 k - 2 scrolls of remove curse {unknown}
 m - 3 scrolls of identify {unknown}
 n - a scroll of magic mapping {unknown}
 p - 3 scrolls of immolation {unknown}
 q - a scroll of blinking {unknown}
Potions
 f - a potion of magic {unknown}
 g - a potion of resistance {unknown}
 r - a potion of mutation {unknown}
Books
 c - a book of Changes

   Spells                             Type                      Level
   a - Beastly Appendage              Transmutation                1
   b - Sticks to Snakes               Transmutation                2
   c - Spider Form                    Transmutation/Poison         3
   d - Ice Form                       Ice/Transmutation            4
   e - Blade Hands                    Transmutation                5
Comestibles
 d - 2 bread rations
 h - a chunk of flesh
 j - 2 meat rations
 s - a royal jelly


   Skills:
 - Level 1.1 Fighting
 - Level 2.6 Dodging
 + Level 4.1 Unarmed Combat
 - Level 2.0 Spellcasting
 * Level 4.5 Transmutations


You couldn't memorise any spells.
You knew the following spells:

 Your Spells              Type           Power        Failure   Level  Hunger
a - Beastly Appendage     Tmut           ##....       4%          1    ##.....
b - Spider Form           Tmut/Pois      #.........   32%         3    ####...
c - Sticks to Snakes      Tmut           ##......     6%          2    ###....


Dungeon Overview and Level Annotations

Branches:
Dungeon (3/15)

Altars:

Annotations:
D:3 grindst0ne's ghost, amateur MfTm


Message History

h - 2 chunks of flesh
There is a stone staircase leading down here.
You start resting.
Eating one of 2 chunks of flesh.
You eat one of the 2 chunks of flesh.
This raw flesh tastes terrible.
Magic restored.
You start resting.
HP restored.
(D) Dungeon
Where to? (Enter - D:2, ? - help)
You climb downwards.
Level annotation: grindst0ne's ghost, amateur MfTm Grindst0ne's ghost hits you! x2
* * * LOW HITPOINT WARNING * * *
There is a stone staircase leading up, spattered with blood here.
You can't go down here!
(D) Dungeon
Where to? (Enter - D:3, ? - help) Grindst0ne's ghost is nearby!
Grindst0ne's ghost hits you!
You die...

#.# #.+ #.# #.#
#.# #.#
#.####.####
#.........#
#######.########
................
#######.########
#...W@..#
#.###.#.# ...#.#
#......
......<##
#........
##.......
..#.....


You could see grindst0ne's ghost.

Vanquished Creatures
  An ooze (D:1)
  2 worms
  2 dart slugs (D:1)
  A leopard gecko (D:2)
  7 bats
  3 giant cockroaches
  2 goblins (D:1)
  5 hobgoblins
  3 jackals (D:2)
  A quokka (D:2)
  3 frilled lizards
  3 kobolds
  8 rats
41 creatures vanquished.

Notes
Turn   | Place    | Note
-------+----------+-------------------------------------------
     0 | D:1      | grindst0ne the Merfolk Transmuter began the quest for the Orb.
     0 | D:1      | Reached XP level 1. HP: 15/15 MP: 3/3
    50 | D:1      | Reached XP level 2. HP: 7/21 MP: 3/5
   796 | D:1      | Reached XP level 3. HP: 23/26 MP: 4/6
  1173 | D:1      | You fall through a shaft!
  1727 | D:1      | Learned a level 3 spell: Spider Form
  2576 | D:3      | Noticed grindst0ne's ghost (amateur MfTm)
  2715 | D:2      | Learned a level 2 spell: Sticks to Snakes
  2975 | D:3      | Slain by grindst0ne's ghost

Vault maps used:
D:1:      roderic_crossed_star, minmay_pentomino_p4
D:2:      first_bread
D:3:      fedhas_altar_1, elyvilon_altar_4, okawaru_metal_pillars_1_2,
          serial_bayou_pond_a, kennysheep_generic_room_12

Skill      XL: |  1  2  3 |
---------------+----------+-----
Transmutations | 3 4 |  4.5
Unarmed Combat | 4 |  4.1
Fighting       | |  1.1
Dodging        | |  2.6
Spellcasting   | |  2.0

Action                   || total
-------------------------++-------
Melee: Unarmed           ||   136
       Headbutt          ||    14
       Punch             ||     2
 Cast: Beastly Appendage ||    24
       Spider Form       ||     7
       Sticks to Snakes  ||     1
  Eat: Chunk             ||     8
Armor: Robe              ||    27
       Skin              ||     2
Dodge: Dodged            ||   129
